 Dungeon Crawl Stone Soup version 0.30-a0-571-gdf30a72648 (webtiles) character file.

Game seed: 5262536099631375563

7 Newt the Ducker (level 1, 0/16 HPs)
             Began as a Demonspawn Gladiator on Dec 29, 2022.
             Slain by a gnoll
             ... wielding a +0 club
              (3 damage)
             ... on level 1 of the Dungeon.
             The game lasted 00:00:06 (87 turns).

Newt the Ducker (Demonspawn Gladiator)                Turns: 87, Time: 00:00:07

Health: 0/16       AC:  4    Str: 14    XL:     1   Next: 83%
Magic:  1/1        EV: 12    Int:  9    God:
Gold:   28         SH:  0    Dex: 14    Spells: 0/0 levels left

rFire   . . .      SeeInvis .    a - +0 rapier
rCold   . . .      Faith    .    (no shield)
rNeg    . . .      Spirit   .    b - +0 leather armour
rPois   .          Reflect  .    c - +0 helmet
rElec   .          Harm     .    (no cloak)
rCorr   .          Rampage  .    (no gloves)
Will    .....                    (no boots)
Stlth   ++                       (no amulet)
HPRegen 0.22/turn                (no ring)
MPRegen 0.07/turn                (no ring)

@: no status effects
A: no striking features
a: no special abilities


You were on level 1 of the Dungeon.
You visited 1 branch of the dungeon, and saw 1 of its levels.

You collected 28 gold pieces.

Inventory:

Hand Weapons
 a - a +0 rapier (weapon)
Missiles
 d - 2 throwing nets (quivered)
 e - a javelin
Armour
 b - a +0 leather armour (worn)
 c - a +0 helmet (worn)
Scrolls
 f - a scroll of fog {unknown}


   Skills:
 - Level 2.0 Fighting
 - Level 2.6 Short Blades
 - Level 1.7 Throwing
 - Level 2.6 Dodging
 * Level 1.5 Stealth


You couldn't memorise any spells.
You didn't know any spells.
Your spell library was empty.

Dungeon Overview and Level Annotations

Branches:
Dungeon (1/15)

Altars:


Message History

The jackal is heavily wounded.
You hear a shout!
The jackal misses you. The jackal closely misses you.
You hit the jackal but do no damage.
The jackal is heavily wounded.
The jackal bites you.
You hit the jackal.
You kill the jackal!
A gnoll comes into view. It is wielding a +0 club.
The kobold hits you with a +0 whip.
You barely miss the kobold. The kobold closely misses you.
You hit the kobold.
You kill the kobold!
Things that are here:
a +0 whip; 4 stones; a kobold corpse You hit the gnoll.
The gnoll is lightly wounded.
The gnoll hits you with a +0 club.
You completely miss the gnoll.
The gnoll is lightly wounded.
The gnoll barely misses you.
You hit the gnoll.
The gnoll is heavily wounded.
The gnoll hits you with a +0 club.
* * * LOW HITPOINT WARNING * * *
You are too injured to fight recklessly!
You are too injured to fight recklessly!
You are too injured to fight recklessly!
You are too injured to fight recklessly!
You are too injured to fight recklessly!
You are too injured to fight recklessly!
You are too injured to fight recklessly!
Unknown command.
Throw: 3 throwing nets
Press: ? - help, Q - select action, (/) - cycle Shift-Dir - straight line, f - gnoll
Aim: a gnoll, wielding a +0 club (heavily wounded, 63% to hit)
You throw a throwing net.
The throwing net barely misses the gnoll.
The gnoll hits you with a +0 club.
You die...

#.# #.# #.# ##.##
##.####...###
##.######............
.....(....####....#.
#.######..# ##.#.#
###.######..# #.#.#
#§.....†.#..#####.###
#(g@...........##
#########.###### #.#
.# .# .# .#


You could see a gnoll.

Vanquished Creatures
  A ball python (D:1)
  A giant cockroach (D:1)
  2 jackals (D:1)
  A kobold (D:1)
5 creatures vanquished.

Notes
Turn   | Place    | Note
-------+----------+-------------------------------------------
     0 | D:1      | Newt the Demonspawn Gladiator began the quest for the Orb.
     0 | D:1      | Reached XP level 1. HP: 16/16 MP: 1/1
    76 | D:1      | Reached skill level 1 in Stealth
    87 | D:1      | Slain by a gnoll

Illustrated notes

Levels and vault maps discovered:
D:1:      giann_horns, layout_loops_ring, ebering_ecumenical_altar_mist

Skill      XL: |  1 |
---------------+----+-----
Stealth        | 1 |  1.5
Fighting       | |  2.0
Short Blades   | |  2.6
Throwing       | |  1.7
Dodging        | |  2.6

Action                   || total
-------------------------++-------
Melee: Rapier            ||    23
Throw: Throwing net      ||     1
Armor: Leather armour    ||    11
Dodge: Dodged            ||    24

Table legend: (Time is in decaauts)
 A = Elapsed time spent in this place.
 B = Non-inter-level travel time spent in this place.
 C = Inter-level travel time spent in this place.
 D = Time resting spent in this place.
 E = Time spent auto-exploring this place.
 F = Levels seen in this place.
 G = Mean time per level.
                   A        B        C        D        E       F      G
               +--------+--------+--------+--------+--------+-----+--------+
         Total |     88 |     88 |      0 |      0 |     53 |   1 |   88.0 |
       Dungeon |     88 |     88 |      0 |      0 |     53 |   1 |   88.0 |
               +--------+--------+--------+--------+--------+-----+--------+

Top non-repeatable levels by time:
     D:1: 88 daAuts
